Map: Acropolis LE

Players

Serral - Winner!

  • Race: Zerg Zerg
  • League: Master
  • Spawn Location: 11:00

PtitDrogo

  • Race: Protoss Protoss
  • League: Grandmaster
  • Spawn Location: 5:00

Event: HomeStory Cup XX

VOD

Have the link to the VOD?

Description

Time

  • Played on: Nov. 22, 2019, 11:59 a.m.
  • Length: 9:49

All games in this series

Show
View Real Time Build Order
Export as new Build Order

Serral Zerg - Winner!

Build Orders: Hatch First 

Get SALT Encoding   

  12  0:00  Drone  
  13  0:12  Overlord  
  13  0:17  Drone  
  14  0:30  Drone  
  14  0:31  Drone  
  16  0:49  Hatchery  
  15  0:52  Drone  
  15  0:55  Drone  
  17  0:58  Drone  
  18  1:09  Extractor  
  17  1:14  Spawning Pool  
  17  1:17  Drone  
  17  1:20  Drone  
  18  1:28  Drone  
  19  1:38  Drone  
  20  1:49  Overlord  
  20  2:01  Queen x2  
  20  2:02  Zergling x4  
  26  2:11  Drone  
  26  2:12  Drone  
  28  2:21  Drone  
  28  2:22  Drone  
  30  2:31  Hatchery  
  30  2:33  Drone x2  
  31  2:39  Pneumatized Carapace  
  30  2:46  Queen  
  30  2:51  Overlord  
  32  2:53  Zergling x2  
  32  2:55  Drone  
  32  2:57  Drone  
  35  3:08  Spore Crawler  
  35  3:11  Drone x2  
  35  3:12  Drone x2  
  38  3:15  Metabolic Boost  
  39  3:20  Overlord  
  39  3:21  Drone x2  
  41  3:27  Queen  
  41  3:34  Overlord  
  43  3:43  Overlord  
  43  3:44  Drone x5  
  43  3:47  Drone  
  49  3:53  Drone  
  49  3:55  Queen  
  52  3:56  Drone  
  52  4:00  Roach Warren  
  52  4:02  Drone  
  53  4:04  Drone  
  53  4:07  Drone x2  
  53  4:09  Drone  
  57  4:10  Drone  
  57  4:14  Drone x2  
  60  4:20  Overlord  
  60  4:21  Drone  
  60  4:22  Evolution Chamber  
  60  4:23  Drone x2  
  60  4:24  Drone  
  63  4:25  Drone  
  63  4:29  Lair  
  63  4:31  Extractor  
  63  4:32  Extractor  
  63  4:34  Drone x2  
  63  4:38  Zergling x4  
  66  4:44  Drone x4  
  70  4:47  Overlord  
  70  4:48  Drone  
  70  4:51  Zerg Melee Weapons Level 1  
  71  4:53  Extractor, Drone x2  
  71  4:54  Drone  
  73  5:01  Overlord x2  
  73  5:09  Drone x5  
  73  5:13  Hatchery, Drone  
  78  5:16  Drone x3  
  81  5:22  Extractor, Drone x4  
  81  5:23  Extractor  
  81  5:26  Overlord  
  81  5:27  Overseer, Baneling Nest  
  81  5:28  Glial Reconstitution  
  82  5:32  Roach x2  
  86  5:37  Roach x4  
  94  5:43  Overlord  
  94  5:46  Overlord  
  94  5:55  Drone x2  
  94  5:56  Drone x6  
  94  5:57  Drone  
  102  6:03  Infestation Pit  
  102  6:04  Roach x3  
  107  6:11  Centrifical Hooks, Baneling x4  
  107  6:15  Roach x3  
  107  6:16  Roach x2  
  117  6:29  Drone x2  
  117  6:30  Overlord  
  117  6:31  Drone  
  117  6:32  Zergling x6  
  122  6:33  Zergling x6  
  125  6:41  Hive  
  125  6:42  Overlord x5, Spire  
  123  6:50  Zerg Melee Weapons Level 2  
  123  6:52  Drone  
  123  6:53  Drone x2, Evolution Chamber  
  123  6:54  Drone x2  
  126  6:57  Extractor  
  126  6:58  Ravager x2  
  126  7:01  Zergling x16  
  135  7:03  Ravager  
  135  7:06  Baneling  
  135  7:07  Baneling x2  
  136  7:11  Overlord  
  136  7:13  Drone  
  136  7:14  Zergling x10  
  142  7:19  Zerg Ground Armor Level 1  
  142  7:21  Hatchery  
  141  7:25  Drone x5  
  147  7:30  Zergling x8  
  148  7:40  Overlord  
  148  7:41  Zergling x12  
  148  7:42  Zergling x2  
  153  7:47  Overlord x2  
  153  7:50  Zergling x16  
  161  7:51  Baneling x2  
  161  7:54  Greater Spire  
  161  7:57  Corruptor x3  
  164  8:07  Zergling x2  
  164  8:08  Zergling x6  
  164  8:11  Overseer  
  164  8:12  Baneling x2  
  168  8:13  Baneling x4  
  168  8:16  Drone x3  
  168  8:17  Zergling x18  
  175  8:32  Zergling x16  
  182  8:36  Baneling x5  
  181  8:44  Zergling x18  
  190  8:54  Baneling x33  
  187  9:00  Zergling x20  
  187  9:02  Baneling x10  
  195  9:06  Zergling x6  
  196  9:12  Baneling x4  
  196  9:13  Baneling x4  
  191  9:21  Zergling x24  
  186  9:30  Baneling  
  186  9:31  Zergling x10, Baneling x12  
  181  9:33  Baneling x3  
  181  9:34  Baneling  
Show
View Real Time Build Order
Export as new Build Order

PtitDrogo Protoss 

Build Orders: 1 Gate Expand, Double Forge, Archon Immortal 

Get SALT Encoding   

  12  0:00  Probe  
  13  0:13  Probe  
  14  0:21  Pylon  
  14  0:25  Probe  
  15  0:29  Assimilator  
  15  0:35  Probe  
  16  0:43  Probe  
  16  0:46  Gateway  
  17  0:53  Probe  
  18  1:05  Probe  
  19  1:17  Probe  
  20  1:24  Nexus  
  20  1:32  Forge  
  20  1:35  Cybernetics Core  
  20  1:38  Probe  
  21  1:42  Assimilator  
  21  1:50  Probe  
  21  1:53  Pylon  
  22  2:01  Adept  
  22  2:02  Probe  
  23  2:14  Probe  
  26  2:19  Forge  
  26  2:25  Warp Gate  
  26  2:26  Probe  
  27  2:31  Stalker  
  27  2:33  Probe  
  27  2:34  Probe  
  29  2:41  Probe  
  29  2:42  Probe  
  31  2:51  Probe, Protoss Ground Weapons Level 1  
  33  2:55  Probe  
  35  2:59  Robotics Facility  
  35  3:05  Probe  
  36  3:09  Probe  
  37  3:17  Probe x2  
  38  3:22  Gateway  
  38  3:26  Probe  
  39  3:29  Probe  
  41  3:35  Nexus  
  41  3:37  Pylon  
  41  3:39  Probe  
  42  3:41  Assimilator, Observer  
  42  3:43  Probe  
  42  3:44  Assimilator  
  44  3:51  Probe  
  46  3:55  Probe  
  46  4:01  Gateway  
  46  4:03  Probe  
  46  4:05  Immortal  
  46  4:07  Probe  
  52  4:15  Probe  
  53  4:19  Probe  
  53  4:21  Pylon  
  53  4:22  Pylon  
  54  4:25  Twilight Council  
  54  4:30  Gateway  
  54  4:35  Protoss Ground Weapons Level 2  
  54  4:39  Probe x2  
  54  4:42  Pylon  
  54  4:43  Sentry, Zealot  
  54  4:44  Probe  
  60  4:51  Probe x2  
  60  4:52  Probe  
  63  4:55  Immortal  
  68  5:01  Probe  
  68  5:02  Probe  
  68  5:03  Probe  
  71  5:07  Observer, Charge  
  71  5:09  Probe  
  72  5:14  Probe  
  72  5:15  Probe  
  72  5:17  Probe  
  75  5:23  Assimilator  
  75  5:25  Assimilator  
  75  5:26  Probe, Templar Archives  
  75  5:27  Probe  
  77  5:29  Probe  
  77  5:32  Pylon  
  78  5:38  Probe  
  78  5:39  Probe  
  78  5:40  Warp Prism  
  78  5:41  Probe  
  83  5:50  Probe  
  83  5:51  Probe  
  83  5:53  Probe  
  83  5:55  Gateway  
  83  5:56  Gateway  
  86  5:57  Gateway  
  86  5:58  Pylon  
  86  5:59  Psionic Storm  
  86  6:00  Gateway  
  86  6:03  Gateway  
  85  6:05  Probe  
  86  6:13  High Templar x2  
  86  6:15  High Templar  
  86  6:16  Pylon  
  92  6:25  Shield Battery, Protoss Ground Weapons Level 3, Photon Cannon  
  92  6:30  Probe  
  93  6:34  High Templar  
  93  6:35  Pylon, Immortal, Probe  
  100  6:42  Probe  
  100  6:43  Photon Cannon  
  97  6:48  Probe  
  97  6:49  Probe  
  97  6:50  Probe  
  96  6:57  Stalker x2  
  96  7:00  Probe, Zealot x2  
  105  7:02  Probe, Nexus  
  105  7:04  Zealot x2  
  105  7:05  Probe  
  111  7:12  Probe  
  111  7:14  High Templar, Probe  
  115  7:20  Immortal  
  119  7:24  Photon Cannon  
  119  7:26  Stalker  
  119  7:29  Zealot x2  
  121  7:40  High Templar x2  
  121  7:43  Zealot  
  124  7:46  Pylon, Archon  
  124  7:51  Shield Battery  
  124  7:53  Probe  
  124  7:55  Pylon  
  125  7:59  Immortal  
  125  8:04  Probe  
  130  8:06  Probe x2  
  130  8:11  Assimilator  
  132  8:16  Assimilator, Probe  
  133  8:23  Probe x3  
  134  8:27  Photon Cannon  
  134  8:28  Probe, Gateway  
  134  8:31  High Templar x4  
  134  8:33  Gateway  
  140  8:36  Archon  
  140  8:38  Warp Prism  
  140  8:40  High Templar x3, Zealot x2  
  150  8:44  Archon  
  150  8:45  Archon  
  144  9:01  Zealot  
  142  9:07  Zealot  
  142  9:08  Zealot x4  
  152  9:14  Stalker  
  152  9:16  Stalker  
  120  9:26  Stalker x2  
  120  9:29  High Templar x4, Zealot  
  120  9:32  Probe x2  
  120  9:34  Probe x2  
  124  9:39  Archon  
  124  9:40  Archon  
  124  9:42  Zealot x2  
Tags
 
Add a new tag
Caveats
  • Supply blocks, unpowered buildings, or Contaminate may cause inaccurate times.
  • Supply counts are checked every 10 seconds.